 Dungeon Crawl Stone Soup version 0.17.2 (webtiles) character file.

7781 Shtopit the Nimble (level 11, -2/109 HPs)
             Began as a Troll Monk on May 7, 2016.
             Was a High Priest of Okawaru.
             Slain by a freezing wraith (12 damage)
             ... in an ice cave.
             The game lasted 00:33:26 (9840 turns).

Shtopit the Nimble (Troll Monk)                     Turns: 9840, Time: 00:33:26

Health: -2/109     AC:  8    Str: 22    XL:     11   Next: 1%
Magic:  10/10      EV: 15    Int:  8    God:    Okawaru [*****.]
Gold:   180        SH:  0    Dex: 14    Spells: 0 memorised, 10 levels left

rFire  . . .     SeeInvis .       - Unarmed
rCold  . . .     Clarity  .     D - +1 animal skin of Focus {Int+2}
rNeg   + . .     SustAt   .     (no shield)
rPois  +         Gourm    +     (helmet restricted)
rElec  .         Spirit   .     (no cloak)
rCorr  .         Warding  .     (gloves unavailable)
rMut   .         Stasis   .     (boots unavailable)
MR     .....                    O - amulet of the Hidden Spirits {+Rage rPois rN+}
Stlth  +++.......               l - +2 ring of protection
                                t - ring of stealth

@: not resistant to hostile enchantments, fairly stealthy
A: unfitting armour, claws 3, fast metabolism 3, gourmand, regeneration 2,
shaggy fur 1, tough skin 2
a: Heroism, Finesse, Renounce Religion, Evoke Berserk Rage


You were in an ice cave.
You worshipped Okawaru.
Okawaru was extremely pleased with you.
You were hungry.

You visited 2 branches of the dungeon, and saw 11 of its levels.
You also visited: Ossuary and Ice Cave.

You collected 844 gold pieces.
You spent 664 gold pieces at shops.

Inventory:

Hand Weapons
 M - a cursed +0 whip
Missiles
 y - 4 large rocks (quivered)
Armour
 a - a +1 robe
 D - the +1 animal skin of Focus (worn) {Int+2}
   (You acquired it on level 9 of the Dungeon)

   It affects your intelligence (+2).
 R - a +2 shield of reflection
Jewellery
 l - a +2 ring of protection (right claw)
 t - a ring of stealth (left claw)
 K - an uncursed ring of wizardry
 O - the amulet of the Hidden Spirits (around neck) {+Rage rPois rN+}
   (You bought it in a shop on level 5 of the Dungeon)

   [amulet of rage]

   It protects you from poison.
   It protects you from negative energy.
   It lets you go berserk.
Wands
 r - a wand of invisibility (6)
 B - a wand of magic darts (24)
 C - a wand of enslavement (9)
 F - a wand of disintegration (11)
 J - a wand of lightning (11)
Scrolls
 d - a scroll of immolation
 e - a scroll of blinking
 g - 4 scrolls of identify
 i - 2 scrolls of recharging
 j - 4 scrolls of fear
 k - a scroll of amnesia
 n - 4 scrolls of teleportation
 o - 4 scrolls of remove curse
 p - 2 scrolls of random uselessness
 u - 3 scrolls of enchant armour
 H - a scroll of magic mapping
 P - a scroll of fog
Potions
 c - a potion of cancellation
 f - a potion of agility
 q - 2 potions of brilliance
 w - a potion of might
 A - 2 potions of berserk rage
 E - a potion of poison
 G - a potion of mutation
 L - a potion of curing
Books
 x - a book of Fire

   Spells                             Type                      Level
   a - Ignite Poison                  Fire/Transmutation/Poison    3
   b - Fireball                       Conjuration/Fire             5
   c - Bolt of Fire                   Conjuration/Fire             6
   d - Delayed Fireball               Conjuration/Fire             7
   e - Ring of Flames                 Charms/Fire                  7
 Q - a book of Ice

   Spells                             Type                      Level
   a - Ice Form                       Ice/Transmutation            4
   b - Metabolic Englaciation         Hexes/Ice                    5
   c - Ozocubu's Refrigeration        Ice                          6
   d - Bolt of Cold                   Conjuration/Ice              6
   e - Freezing Cloud                 Conjuration/Ice/Air          6
   f - Simulacrum                     Ice/Necromancy               6
Comestibles
 b - 6 bread rations
 h - 5 meat rations
 m - 13 fruits
 s - a royal jelly
 I - a slice of pizza


   Skills:
 + Level 7.1 Fighting
 + Level 10.2 Dodging
 - Level 1.2 Stealth
 + Level 10.1 Unarmed Combat
 + Level 0.8 Invocations


You had 10 spell levels left.
You didn't know any spells.

Dungeon Overview and Level Annotations

Branches:
Dungeon (9/15)             Temple (0/1) D:6            Lair (0/8) D:9
    Orc (2/4) D:9

Altars:
Ashenzari
Dithmenos
Elyvilon
Fedhas
Nemelex Xobeh
Okawaru
Ru
Sif Muna
Vehumet

Shops:
D:5 =   D:8 *


Innate Abilities, Weirdness & Mutations

You are too large for most types of armour.
You have claws for hands.
Your metabolism is lightning-fast.
You like to eat raw meat.
You heal very quickly.
You are covered in fur (AC +1).
You have very tough skin (AC +2).


Message History

The freezing wraith is severely damaged.
The freezing wraith hits you. The freezing wraith freezes you!
The freezing wraith hits you!
You scratch the freezing wraith but do no damage.
The freezing wraith is severely damaged.
The freezing wraith closely misses you. x2
You closely miss the freezing wraith.
The freezing wraith is severely damaged.
You are feeling hungry.
The freezing wraith hits you! The freezing wraith freezes you!!
* * * LOW HITPOINT WARNING * * *
The freezing wraith hits you!
* * * LOW HITPOINT WARNING * * *
You closely miss the freezing wraith.
The freezing wraith is severely damaged.
Quiver which item? (- for none, * to show all) (? for menu, Esc to quit)
Okay, then.
Drink which item? (? for menu, Esc to quit)
You feel better. The freezing wraith hits you!
You die...

#...
##..............
#..###
##....###........
#....## #...###
###...###
##....## #..##
#####
###...###...#
##...###..##
##...###..##
##.W.###..##
###@......#
###....## ######


You could see a freezing wraith.

Vanquished Creatures
  Harold (Orc:2)
  2 gargoyles (D:9)
  A fire drake (D:9)
  2 freezing wraiths (IceCv)
  A wraith (D:8)
  A hungry ghost (D:8)
  A death yak simulacrum (IceCv)
  4 wargs
  A water moccasin (D:7)
  15 ice beasts
  A phantom (D:8)
  An alligator simulacrum (IceCv)
  5 ogres
  3 orc warriors
  3 sky beasts
  A wasp (D:7)
  2 black bears
  A centaur (D:8)
  A necrophage (D:9)
  2 water moccasin zombies (Ossuary)
  An elephant simulacrum (IceCv)
  2 scorpions
  3 wights (D:7)
  2 crimson imps
  3 hounds
  2 giant frog zombies
  2 jellies
  4 orc wizards
  10 orc priests
  A centaur zombie (D:5)
  An iguana (D:6)
  A wolf simulacrum (IceCv)
  9 worker ants
  2 hound skeletons
  A hound zombie (D:8)
  2 mummies (Ossuary)
  11 adders
  3 gnolls (D:7)
  A shadow imp (D:7)
  5 white imps (IceCv)
  9 adder zombies (Ossuary)
  3 adder skeletons
  A worm (D:2)
  5 giant geckos
  67 orcs
  13 bats
  7 giant cockroaches
  2 goblins
  10 hobgoblins
  3 kobolds (D:1)
  2 quokkas
  A ball python (D:2)
  A giant cockroach zombie (D:6)
  A giant newt (D:6)
  3 gnoll zombies (Ossuary)
  5 hobgoblin zombies (Ossuary)
  23 jackals
  A jackal skeleton (D:6)
  4 kobold zombies (Ossuary)
  7 orc zombies (Ossuary)
  A quokka skeleton (D:5)
  2 quokka zombies
  3 rats
289 creatures vanquished.

Vanquished Creatures (others)
  A hobgoblin (D:2)
1 creature vanquished.

Grand Total: 290 creatures vanquished

Notes
Turn   | Place    | Note
--------------------------------------------------------------
     0 | D:1      | Shtopit the Troll Monk began the quest for the Orb.
     0 | D:1      | Reached XP level 1. HP: 22/22 MP: 0/0
   139 | D:1      | Reached XP level 2. HP: 29/29 MP: 1/1
   805 | D:2      | Reached XP level 3. HP: 36/36 MP: 2/2
   987 | D:2      | Found a white marble altar of Elyvilon.
  1341 | D:3      | Reached XP level 4. HP: 37/44 MP: 3/3
  1602 | D:3      | Reached XP level 5. HP: 49/53 MP: 4/4
  1949 | D:3      | Found a deep blue altar of Sif Muna.
  1950 | D:3      | Found a sparkling altar of Nemelex Xobeh.
  2377 | D:4      | Found a sacrificial altar of Ru.
  2542 | D:4      | Reached XP level 6. HP: 21/61 MP: 5/5
  2689 | D:4      | Noticed a sky beast
  2703 | D:4      | Killed a sky beast
  2703 | D:4      | Reached skill level 5 in Unarmed Combat
  2714 | D:4      | Noticed an ogre
  2718 | D:4      | Killed an ogre
  2772 | D:4      | Found an iron altar of Okawaru.
  2782 | D:4      | Reached skill level 5 in Dodging
  2803 | D:4      | Became a worshipper of Warmaster Okawaru
  2803 | D:4      | Reached * piety under Okawaru
  2803 | D:4      | Reached ** piety under Okawaru
  3215 | D:5      | Entered Level 5 of the Dungeon
  3273 | D:5      | Found a blossoming altar of Fedhas.
  3318 | D:5      | Reached XP level 7. HP: 66/68 MP: 6/6
  3329 | D:5      | Found Udet's Jewellery Shop.
  3785 | D:5      | Found a shadowy altar of Dithmenos.
  4126 | D:6      | Found a radiant altar of Vehumet.
  4233 | D:6      | Found a shattered altar of Ashenzari.
  4483 | D:6      | Reached skill level 6 in Dodging
  4529 | D:6      | Found a sand-covered staircase.
  4542 | Ossuary  | Entered an ossuary
  4676 | Ossuary  | Reached *** piety under Okawaru
  4676 | Ossuary  | Reached XP level 8. HP: 64/79 MP: 7/7
  5179 | D:6      | Found a staircase to the Ecumenical Temple.
  5973 | D:7      | Reached skill level 7 in Dodging
  6198 | D:7      | Reached skill level 5 in Fighting
  6598 | D:7      | Reached XP level 9. HP: 88/88 MP: 8/8
  6791 | D:8      | Reached **** piety under Okawaru
  6860 | D:8      | Found Hiagekh's Assorted Antiques.
  6924 | D:8      | Reached skill level 8 in Dodging
  7492 | D:9      | Found a staircase to the Lair.
  7603 | D:9      | Noticed a fire drake
  7608 | D:9      | Killed a fire drake
  7850 | D:9      | Reached XP level 10. HP: 81/98 MP: 9/9
  7878 | D:9      | Reached skill level 9 in Unarmed Combat
  7897 | D:9      | Reached ***** piety under Okawaru
  7941 | D:9      | Identified a scroll of acquirement
  7942 | D:9      | Got a polished animal skin
  7953 | D:9      | Identified the +1 animal skin of Focus {Int+2} (You acquired it on level 9 of the Dungeon)
  7980 | D:9      | Found a staircase to the Orcish Mines.
  8035 | D:9      | Noticed a gargoyle
  8041 | D:9      | Killed a gargoyle
  8131 | D:9      | Noticed a gargoyle
  8138 | D:9      | Killed a gargoyle
  8181 | Orc:1    | Entered Level 1 of the Orcish Mines
  8915 | D:5      | Bought the amulet of the Hidden Spirits {+Rage rPois rN+} for 664 gold pieces
  9059 | Orc:2    | Noticed Harold
  9068 | Orc:2    | Killed Harold
  9153 | Orc:2    | Found a frozen archway.
  9306 | IceCv    | Entered an ice cave
  9318 | IceCv    | Reached skill level 10 in Dodging
  9320 | IceCv    | Received a gift from Okawaru
  9458 | IceCv    | Reached skill level 10 in Unarmed Combat
  9575 | IceCv    | Reached XP level 11. HP: 12/109 MP: 10/10
  9838 | IceCv    | HP: 4/109 [freezing wraith (12)]
  9840 | IceCv    | Slain by a freezing wraith

Action                   |  1- 3 |  4- 6 |  7- 9 | 10-12 || total
-------------------------+-------+-------+-------+-------++-------
Melee: Unarmed           |    95 |   155 |   475 |   246 ||   971
Invok: Heroism           |       |       |       |     1 ||     1
 Abil: Evoke Berserk Rag |       |       |       |     2 ||     2
  Use: Scroll            |       |       |    17 |     4 ||    21
       Potion            |       |       |     9 |     5 ||    14
 Stab: Sleeping          |     3 |     4 |    14 |       ||    21
       Distracted        |       |       |     1 |       ||     1
  Eat: Chunk             |    13 |    19 |    49 |    12 ||    93
       Beef jerky        |       |       |       |     1 ||     1
